 Dungeon Crawl Stone Soup version 0.21.1-1-g345015f (webtiles) character file.

8603 sendhelp the Spear-Bearer (level 11, -2/101 HPs)
             Began as a Minotaur Berserker on Apr 12, 2018.
             Was a High Priest of Trog.
             Slain by a blink frog (11 damage)
             ... on level 1 of the Lair of Beasts on Apr 17, 2018.
             The game lasted 00:43:42 (7659 turns).

sendhelp the Spear-Bearer (Minotaur Berserker)      Turns: 7659, Time: 00:43:42

Health: -2/101     AC: 17    Str: 25    XL:     11   Next: 12%
Magic:  10/10      EV: 16    Int:  4    God:    Trog [*****.]
Gold:   443        SH:  0    Dex: 14    Spells: 10/10 levels left

rFire    . . .     SeeInvis .   C - +0 halberd
rCold    + . .     Gourm    .   (shield currently unavailable)
rNeg     . . .     Faith    +   t - +0 scale mail "Ette" {rElec}
rPois    .         Spirit   .   (helmet restricted)
rElec    +         Reflect  .   s - +0 cloak "Raokkinn" {Dex+4}
rCorr    .         Harm     .   j - +0 pair of gloves
MR       ++...                  r - +1 pair of boots
Stlth    ..........             l - amulet of faith
HPRegen  1.26/turn              I - ring of protection from cold
MPRegen  0.12/turn              k - +3 ring of protection

@: berserk cooldown, regenerating, slowed, very slow
A: retaliatory headbutt, horns 2
a: Berserk, Trog's Hand, Brothers in Arms, Burn Spellbooks, Renounce Religion


You were on level 1 of the Lair of Beasts.
You worshipped Trog.
Trog was extremely pleased with you.
You were near starving.

You visited 3 branches of the dungeon, and saw 10 of its levels.

You collected 443 gold pieces.

Inventory:

Hand Weapons
 d - a +0 spear
 C - a +0 halberd (weapon)
 F - a +0 blowgun
 H - a +0 spear
 J - a +2 mace of draining
 R - the +10 hunting sling of Success {flame, rC+ MR- Int+4, unknown}
   (Trog gifted it to you on level 8 of the Dungeon)

   It causes projectiles fired from it to burn those they strike, causing extra
   injury to most foes and up to half again as much damage against particularly
   susceptible opponents.
   It affects your intelligence (+4).
   It protects you from cold.
   It affects your resistance to hostile enchantments.
Missiles
 g - 249 stones
 n - 4 javelins (quivered)
 v - 52 poisoned needles
 D - 5 throwing nets
Armour
 i - a +0 scale mail {hello}
 j - a +0 pair of gloves (worn)
 r - a +1 pair of boots (worn)
 s - the +0 cloak "Raokkinn" (worn) {Dex+4}
   (You found it on level 5 of the Dungeon)

   It affects your dexterity (+4).
 t - the +0 scale mail "Ette" (worn) {rElec}
   (You found it on level 6 of the Dungeon)

   It insulates you from electricity.
Jewellery
 k - a +3 ring of protection (right hand)
 l - an amulet of faith (around neck)
 q - an uncursed ring of magical power
 I - a ring of protection from cold (left hand)
 M - an uncursed amulet of faith
Wands
 e - a wand of flame (12)
 P - a wand of clouds (8)
 Q - a wand of polymorph (15)
 S - a wand of acid (10)
Scrolls
 b - a scroll of summoning {unknown}
 m - 2 scrolls of teleportation
 p - 7 scrolls of remove curse
 w - a scroll of immolation {unknown}
 y - 2 scrolls of magic mapping
 K - 2 scrolls of enchant armour {unknown}
 L - a scroll of amnesia {unknown}
 N - 2 scrolls of identify
 T - a scroll of holy word {unknown}
Potions
 a - a potion of lignification
 f - a potion of agility {unknown}
 h - 2 potions of heal wounds
 o - a potion of might {unknown}
 u - 2 potions of mutation {unknown}
 x - a potion of invisibility {unknown}
 z - 3 potions of haste
 A - a potion of magic {unknown}
 B - 2 potions of curing
 G - 2 potions of flight {unknown}
 O - a potion of berserk rage {unknown}
Comestibles
 c - 18 rations


   Skills:
 + Level 10.9 Fighting
 + Level 11.0 Polearms
 + Level 10.5 Armour
 + Level 9.7 Dodging


You had 10 spell levels left.
You didn't know any spells.

Dungeon Overview and Level Annotations

Branches:
Dungeon (8/15)             Temple (1/1) D:5            Lair (1/6) D:8

Altars:
Ashenzari
Cheibriados
Dithmenos
Elyvilon
Fedhas
Gozag
Hepliaklqana
Kikubaaqudgha
Makhleb
Nemelex Xobeh
Okawaru
Qazlal
Ru
Sif Muna
Trog
Uskayaw
Vehumet
Wu Jian
Xom
Yredelemnul
Zin
The Shining One


Innate Abilities, Weirdness & Mutations

You reflexively headbutt those who attack you in melee.
You have a pair of horns on your head.


Message History

The wolf is severely wounded.
The wolf bites you but does no damage.
The wolf stops to sniff the ground.
The wolf closely misses you. The wolf bites you but does no damage.
The blink frog hits you!
* * * LOW HITPOINT WARNING * * *
The wolf bites you.
* * * LOW HITPOINT WARNING * * *
The spriggan rider barely misses you. The wolf closely misses you.
You furiously retaliate!
You headbutt the wolf.
The blink frog hits you but does no damage.
Your skin crawls.
You feel resistant to hostile enchantments.
You feel somewhat more hungry. The wolf barely misses you.
You furiously retaliate!
You headbutt the wolf, but do no damage.
The wolf bites you!
* * * LOW HITPOINT WARNING * * *
The wolf misses you. The blink frog hits you!
You die...

................
..............?.
..............8
#P...........
##.....#......
#.....h..♣....
#>..Sih......
#...hh##.♣..
#..hF@#
........h#
..##.....# .
#.....# #.......
.........
.$........
..........


You could see a spriggan rider, a black mamba, a blink frog and 6 wolves.

Vanquished Creatures
  Pikel (D:5)
  The ghost of empire the Ducker, a novice GnGl of Cheibriados (D:7)
  Psyche (D:8)
  A spiny frog (Lair:1)
  Prince Ribbit (D:5)
  A human (D:7)
  2 hogs (D:7)
  2 yaks (D:7)
  A basilisk (D:8)
  Duvessa (D:7)
  4 porcupines (D:8)
  3 sky beasts
  4 black bears
  3 orc warriors
  A hornet zombie (D:8)
  An ice beast (D:5)
  24 wolves
  3 ogres
  2 crocodiles (D:8)
  4 bullfrogs
  Dowan (D:7)
  5 scorpions
  A water moccasin skeleton (D:6)
  4 wights (D:7)
  10 killer bees
  A howler monkey (D:6)
  A bullfrog zombie (D:6)
  2 crimson imps
  A centaur zombie (D:8)
  A hound (D:6)
  4 orc priests
  2 iguanas
  A gnoll shaman (D:4)
  4 orc wizards
  3 worker ants
  A killer bee zombie (D:6)
  A hound skeleton (D:5)
  2 worker ant zombies
  7 gnolls
  8 adders
  2 shadow imps
  An adder skeleton (D:5)
  3 worms
  2 leopard geckos
  38 orcs
  2 ball pythons (D:4)
  4 giant cockroaches
  4 goblins
  12 hobgoblins
  9 jackals
  5 kobolds
  2 quokkas
  4 bats
  7 frilled lizards
  A jackal skeleton (D:4)
  A leopard gecko skeleton (D:6)
  6 rats
  A spectral orc (D:6)
  A bush (D:8)
226 creatures vanquished.

Vanquished Creatures (others)
  Eustachio (D:5)
  A slave (D:5)
  4 fungi (D:8)
  7 plants (D:8)
13 creatures vanquished.

Grand Total: 239 creatures vanquished

Notes
Turn   | Place    | Note
-------+----------+-------------------------------------------
     0 | D:1      | sendhelp the Minotaur Berserker began the quest for the Orb.
     0 | D:1      | Reached XP level 1. HP: 19/19 MP: 0/0
   195 | D:1      | Reached skill level 4 in Polearms
   219 | D:1      | Reached XP level 2. HP: 27/27 MP: 1/1
   655 | D:2      | Found a stormy altar of Qazlal.
   860 | D:2      | Noticed a crimson imp
   885 | D:2      | Killed a crimson imp
   885 | D:2      | Reached XP level 3. HP: 31/33 MP: 2/2
  1206 | D:2      | Reached XP level 4. HP: 39/40 MP: 3/3
  1386 | D:2      | Found a blossoming altar of Fedhas.
  1503 | D:3      | Reached ** piety under Trog
  1708 | D:3      | Found a sparkling altar of Nemelex Xobeh.
  2022 | D:3      | Reached XP level 5. HP: 41/47 MP: 4/4
  2035 | D:3      | Reached skill level 5 in Polearms
  2165 | D:3      | Reached *** piety under Trog
  2568 | D:4      | Reached skill level 5 in Fighting
  2607 | D:4      | Reached XP level 6. HP: 33/56 MP: 5/5
  2859 | D:4      | Found a shimmering altar of Xom.
  3040 | D:4      | Found a glowing golden altar of the Shining One.
  3621 | D:5      | Entered Level 5 of the Dungeon
  3621 | D:5      | Noticed Prince Ribbit
  3636 | D:5      | Noticed Eustachio
  3675 | D:5      | Reached skill level 5 in Armour
  3675 | D:5      | Reached XP level 7. HP: 25/62 MP: 6/6
  3680 | D:5      | Noticed Pikel
  3691 | D:5      | Killed Prince Ribbit
  3691 | D:5      | Reached skill level 6 in Polearms
  3692 | D:5      | Killed Pikel
  3692 | D:5      | Reached skill level 7 in Polearms
  3692 | D:5      | Reached skill level 5 in Dodging
  3692 | D:5      | Reached XP level 8. HP: 21/71 MP: 7/7
  3704 | D:5      | Killed Eustachio
  4183 | D:5      | Got an ichor-stained cloak
  4201 | D:5      | Identified the cursed +0 cloak "Raokkinn" {Dex+4} (You found it on level 5 of the Dungeon)
  4254 | D:5      | Found a staircase to the Ecumenical Temple.
  4361 | Temple   | Entered the Ecumenical Temple
  4727 | D:6      | Reached **** piety under Trog
  4740 | D:6      | Got a polished scale mail
  4755 | D:6      | Identified the +0 scale mail "Ette" {rElec} (You found it on level 6 of the Dungeon)
  5077 | D:6      | Reached skill level 8 in Polearms
  5106 | D:6      | Found a basalt altar of Yredelemnul.
  5166 | D:6      | Reached XP level 9. HP: 77/81 MP: 8/8
  5432 | D:7      | Noticed empire's ghost (novice GnGl)
  5477 | D:7      | Noticed Duvessa
  5479 | D:7      | Noticed Dowan
  5481 | D:7      | Killed empire's ghost
  5501 | D:7      | Reached skill level 9 in Polearms
  5512 | D:7      | Killed Duvessa
  5515 | D:7      | Killed Dowan
  5606 | D:7      | Found a white marble altar of Elyvilon.
  5611 | D:7      | Found a hazy altar of Hepliaklqana.
  5898 | D:7      | Reached ***** piety under Trog
  6095 | D:7      | Reached XP level 10. HP: 91/91 MP: 9/9
  6750 | D:8      | Found an ornate altar of the Wu Jian Council.
  6881 | D:8      | Found a shadowy altar of Dithmenos.
  7011 | D:8      | Reached skill level 10 in Polearms
  7013 | D:8      | Reached skill level 10 in Fighting
  7023 | D:8      | Found a staircase to the Lair.
  7126 | D:8      | Received a gift from Trog
  7131 | D:8      | Got a polished hunting sling {god gift}
  7307 | D:8      | Noticed Psyche
  7351 | D:8      | Killed Psyche
  7351 | D:8      | Reached skill level 10 in Armour
  7610 | Lair:1   | Entered Level 1 of the Lair of Beasts
  7617 | Lair:1   | Noticed a black mamba
  7624 | Lair:1   | Noticed a spriggan rider
  7626 | Lair:1   | Noticed a spiny frog
  7638 | Lair:1   | Reached XP level 11. HP: 101/101 MP: 10/10
  7657 | Lair:1   | Reached skill level 11 in Polearms
  7659 | Lair:1   | Slain by a blink frog

Skill      XL: |  1  2  3  4  5  6  7  8  9 10 11 |
---------------+----------------------------------+-----
Polearms       | 4 5 7 8 9 10 11 | 11.0
Fighting       | 4 5 6 7 9 10 | 10.9
Armour         | 3 4 5 6 7 9 10 | 10.5
Dodging        | 3 4 5 6 8 9 |  9.7

Action                   |  1- 3 |  4- 6 |  7- 9 | 10-12 || total
-------------------------+-------+-------+-------+-------++-------
Melee: Spear             |    58 |    29 |       |       ||    87
       Headbutt          |     8 |    29 |    48 |    39 ||   124
       Trident           |    12 |   103 |       |       ||   115
       Halberd           |       |    67 |   221 |   161 ||   449
Throw: Stone             |     1 |       |       |       ||     1
       Javelin           |       |     1 |       |       ||     1
Invok: Berserk           |       |     2 |     2 |     1 ||     5
       Trog's Hand       |       |     2 |     3 |     1 ||     6
       Burn Spellbooks   |       |       |     1 |       ||     1
  Use: Potion            |     1 |       |     1 |       ||     2
       Scroll            |     3 |     2 |     5 |     2 ||    12
  Eat: Chunk             |     1 |     6 |     5 |     5 ||    17
       Ration            |       |     2 |     1 |       ||     3
Armor: Animal skin       |     2 |       |       |       ||     2
       Scale mail        |    17 |   134 |   104 |   107 ||   362
Dodge: Dodged            |    38 |   220 |   190 |   200 ||   648
